 Dungeon Crawl Stone Soup version 0.31-a0-239-g0a1456f148 (webtiles) character file.

Game seed: 3161563271517160532

66 qw the Shooter (level 3, -1/29 HPs)
             Began as a Minotaur Hexslinger on July 11, 2023.
             Slain by an orc
             ... wielding a +0 hand axe
              (4 damage)
             ... on level 2 of the Dungeon.
             The game lasted 00:00:21 (627 turns).

qw the Shooter (Minotaur Hexslinger)                 Turns: 627, Time: 00:00:22

Health: -1/29      AC:  3    Str: 12    XL:     3   Next: 96%
Magic:  3/3        EV: 12    Int: 10    God:
Gold:   32         SH:  0    Dex: 14    Spells: 3/4 levels left

rFire   . . .        a - +8 storm bow {elec, penet}
rCold   . . .        (shield currently unavailable)
rNeg    . . .        e - +0 leather armour
rPois   .            (helmet restricted)
rElec   .            (no cloak)
rCorr   .            (no gloves)
SInv    .            (no boots)
Will    .....        (no amulet)
Stlth   +            (no ring)
HPRegen 0.24/turn    (no ring)
MPRegen 0.08/turn

%: no passive effects
@: mighty
A: horns 2, retaliatory headbutt
a: no special abilities


You were on level 2 of the Dungeon.
You visited 1 branch of the dungeon, and saw 2 of its levels.

You collected 32 gold pieces.


Innate Abilities, Weirdness & Mutations

You have a pair of horns on your head.
You reflexively headbutt those who attack you in melee.


   Skills:
 - Level 2.0 Fighting
 + Level 4.4 Ranged Weapons
 - Level 2.1 Dodging
 - Level 1.0 Spellcasting
 - Level 2.0 Hexes


You had 3 spell levels left.
You knew the following spells:

 Your Spells              Type           Power      Damage    Failure   Level
a - Slow                  Hex            16%        N/A       19%         1

Your spell library contained the following spells:

 Spells                   Type           Power      Damage    Failure   Level
 Inner Flame              Hex/Fire       2%         N/A       65%         3
 Portal Projectile        Hex/Tloc       4%         N/A       65%         3
 Cause Fear               Hex            2%         N/A       88%         4

Inventory:

Hand Weapons
 a - the +8 storm bow (weapon) {elec, penet}
   (You acquired it on level 1 of the Dungeon)
Armour
 e - a +0 leather armour (worn)
Potions
 h - a potion of might
 j - a potion of degeneration {unknown}

Dungeon Overview and Level Annotations

Branches:
Dungeon (2/15)

Altars:

Annotations:
D:2 Jessica


Message History

The orc wizard shouts!
An orc comes into view. It is wielding a +0 falchion.
The orc wizard casts a spell at you. The puff of flame hits you!
An orc comes into view. It is wielding a +0 hand axe.
The orc wizard points at you and mumbles some strange words.
You resist with significant effort.
The orc wizard casts a spell.
The orc wizard flickers and vanishes!
Deactivating autopickup; reactivate with Ctrl-A.
You feel less confused. The orc wizard misses you. You furiously retaliate!
You headbutt the orc wizard!
You kill the orc wizard!
Something hits you but does no damage.
Your Ranged Weapons skill increases to level 4!
622 ||| FLEEEEING.
Something hits you.
Found 15 gold pieces.
Jessica the Apprentice Sorceress comes into view.
She is wielding a +0 dagger and wearing a +2 robe of resistance.
623 ||| FLEEEEING.
A magic dart appears from out of thin air!
The magic dart hits you.
Jessica mumbles some strange words.
Jessica seems to speed up.
You shoot an arrow. The arrow closely misses the orc.
A magic dart appears from out of thin air!
The magic dart hits you.
You shoot an arrow. The arrow barely misses the orc.
You hear some strange, mumbled words.
Something tries to affect you, but you resist.
The orc misses you. The orc hits you with a +0 falchion.
You shoot an arrow. The arrow barely misses the orc.
Jessica casts a spell.
Jessica blinks!
Jessica casts a spell.
Jessica blinks!
Something barely misses you. The orc hits you with a +0 falchion.
You shoot an arrow. The arrow closely misses the orc.
Something hits you but does no damage. The orc barely misses you.
The orc closely misses you. Jessica closely misses you.
You furiously retaliate!
You headbutt Jessica! The orc hits you with a +0 hand axe.
You die...

$# .# #.##.#
#....###
.......
##...)#
###.####.....#
....¤.¤).....#
#.oo@.#
#..@..#
#.....#
##....#####.#
#.##)><....#
#.##########
#.# #.# #.#
#.#


You could see Jessica (fast) and 2 orcs.

Vanquished Creatures
  An orc wizard (D:2)
  A dart slug (D:1)
  3 bats (D:1)
  3 endoplasms (D:1)
  4 giant cockroaches (D:1)
  5 goblins (D:1)
  2 hobgoblins (D:1)
  4 jackals (D:1)
  A kobold (D:1)
  A quokka (D:1)
  5 ball pythons (D:1)
  A frilled lizard (D:1)
  2 rats (D:1)
33 creatures vanquished.

Notes
Turn   | Place    | Note
-------+----------+-------------------------------------------
     0 | D:1      | qw the Minotaur Hexslinger began the quest for the Orb.
     0 | D:1      | Reached XP level 1. HP: 16/16 MP: 1/1
     0 | D:1      | 0 ||| qw: Version: 0.3-a-52-g30416fa
     0 | D:1      | 0 ||| qw: Game counter: 5889
     0 | D:1      | 0 ||| qw: Melee chars always use a shield: true
     0 | D:1      | 0 ||| qw: God list: Okawaru
     0 | D:1      | 0 ||| qw: Allow faded altars: false
     0 | D:1      | 0 ||| qw: Do Orc after clearing Dungeon:15 true
     0 | D:1      | 0 ||| qw: Do second Lair branch before Depths: true
     0 | D:1      | 0 ||| qw: Lair rune preference: random
     0 | D:1      | 0 ||| qw: Goals: Normal
     0 | D:1      | 0 ||| PLANNING D:1-11
    31 | D:1      | Reached skill level 3 in Ranged Weapons
    60 | D:1      | Reached XP level 2. HP: 23/23 MP: 2/2
   194 | D:1      | Reached XP level 3. HP: 29/29 MP: 3/3
   555 | D:1      | 555 ||| UPGRADING to +0 leather armour.
   565 | D:1      | 565 ||| DROPPING +0 robe.
   566 | D:1      | 566 ||| READING scroll labelled RESSEA WEWAK.
   569 | D:1      | 569 ||| READING scroll labelled UKHLAZX GADEISURUU.
   570 | D:1      | 570 ||| READING scroll labelled ESUNGE IQEPLE.
   570 | D:1      | Identified a scroll of acquirement
   570 | D:1      | 570 ||| ACQUIRING +8 storm bow {elec, penet}
   570 | D:1      | Acquired the +8 storm bow {elec, penet}
   570 | D:1      | Found the +8 storm bow {elec, penet}
   572 | D:1      | 572 ||| SWAPPING to +8 storm bow {elec, penet}.
   573 | D:1      | 573 ||| DROPPING +1 sling.
   574 | D:1      | 574 ||| READING scroll labelled WEUWKY AMPUSU.
   575 | D:1      | 575 ||| DRINKING 2 bubbling ruby potions.
   576 | D:1      | 576 ||| DROPPING scroll of poison.
   622 | D:2      | Reached skill level 4 in Ranged Weapons
   622 | D:2      | 622 ||| FLEEEEING.
   622 | D:2      | Noticed Jessica
   623 | D:2      | 623 ||| FLEEEEING.
   624 | D:2      | HP: 7/29 [something/magic dart (4)]
   626 | D:2      | HP: 2/29 [orc/+0 falchion (5)]
   627 | D:2      | Slain by an orc

Levels and vault maps discovered:
D:1:      dpeg_arrival_simpleton_a, layout_basic,
          nicolae_kite_square_tiling_tiny, feat_on_display
D:2:      layout_loops_ring, basic_altar, chequers_serial_rivers_small_b,
          uniq_jessica, uniq_crazy_yiuf_cottage

Skill      XL: |  1  2  3 |
---------------+----------+-----
Ranged Weapons | 3 4 |  4.4
Fighting       | 2 |  2.0
Dodging        | |  2.1
Spellcasting   | |  1.0
Hexes          | |  2.0

Action                     || total
---------------------------++-------
   Fire: Sling             ||    73
         Longbow           ||     4
    Use: Scroll            ||     4
         Potion            ||     1
 Armour: Robe              ||     3
         Leather armour    ||     2
  Dodge: Dodged            ||    30

Table legend:
 A = Non-vault XP
 B = Vault XP
 C = Vault XP percentage of total XP
 D = Non-vault monster count
 E = Vault monster count
 F = Vault count percentage of total count
                 A         B        C        D         E       F
            +---------+---------+-------+---------+---------+-------
      Total |      95 |       0 |   0.0 |      33 |       0 |   0.0
            +---------+---------+-------+---------+---------+-------
        D:1 |      60 |       0 |   0.0 |      32 |       0 |   0.0
        D:2 |      35 |       0 |   0.0 |       1 |       0 |   0.0
            +---------+---------+-------+---------+---------+-------
